 Dungeon Crawl Stone Soup version 0.19.5 (webtiles) character file.

93 Nelagord the Covered (level 4, 0/30 HPs)
             Began as a Gargoyle Fighter on Mar 16, 2017.
             Slain by a white imp (2 damage)
             ... summoned by Natasha
             ... on level 2 of the Dungeon.
             The game lasted 00:04:59 (1605 turns).

Nelagord the Covered (Gargoyle Fighter)             Turns: 1605, Time: 00:05:01

Health: 0/30       AC: 11    Str: 18 (19) XL:     4   Next: 62%
Magic:  4/4        EV:  7    Int:  9      God:
Gold:   46         SH:  9    Dex: 10      Spells: 0 memorised, 3 levels left

rFire  . . .     SeeInvis .     l - +0 whip
rCold  + . .     Gourm    .     b - +0 scale mail
rNeg   + . .     Faith    +     c - +0 shield
rPois  ∞         Spirit   .     (no helmet)
rElec  +         Reflect  .     (no cloak)
rCorr  .         Harm     .     (no gloves)
MR     .....                    (no boots)
Stlth  ..........               m - amulet of faith
                                (no ring)
                                (no ring)

@: slowed, very slow
A: rugged brown scales 1, cold resistance 1, deterioration 1, negative energy
resistance 1, electricity resistance, unbreathing, petrification resistance, rot
immunity, AC +3
a: no special abilities


You were on level 2 of the Dungeon.
You were not hungry.

You visited 1 branch of the dungeon, and saw 2 of its levels.

You collected 46 gold pieces.

Inventory:

Hand Weapons
 l - a +0 whip (weapon)
Armour
 b - a +0 scale mail (worn)
 c - a +0 shield (worn)
Jewellery
 m - an amulet of faith (around neck)
Potions
 e - a potion of brilliance
Comestibles
 a - a beef jerky
 f - a bread ration
 j - a slice of pizza


   Skills:
 + Level 4.3 Fighting
 - Level 2.0 Maces & Flails
 + Level 4.4 Armour
 + Level 3.9 Shields


You had 3 spell levels left.
You didn't know any spells.

Dungeon Overview and Level Annotations

Branches:
Dungeon (2/15)

Altars:

Annotations:
D:2 Natasha


Innate Abilities, Weirdness & Mutations

You are resistant to torment.
Your stone body is resilient. (AC +3)
You are immune to poison.
You resist negative energy. (rN+)
You are resistant to electric shocks. (rElec)
You can survive without breathing.
You are immune to petrification.
You are immune to rotting.
You are partially covered in rugged brown scales. (AC +1, +3% HP)
Your flesh is cold resistant. (rC+)
Your body sometimes deteriorates upon taking damage.


Message History

Natasha is heavily wounded.
You block the shadow imp's attack. You block Natasha's attack.
The white imp hits you. The white imp freezes you. You resist.
You block the shadow imp's attack. The shadow imp gestures at you.
Pain shoots through your body!
You hit Natasha.
Natasha is almost dead.
Natasha casts a spell at you. The magic dart hits you!
* * * LOW HITPOINT WARNING * * *
The white imp lashes its tail.
The white imp gestures at you. The puff of frost hits you! You resist.
* * * LOW HITPOINT WARNING * * *
You block the shadow imp's attack. The shadow imp closely misses you.
Natasha barely misses you. The white imp hits you.
* * * LOW HITPOINT WARNING * * *
The white imp freezes you. You resist.
You die...

##..... ....... .......
...#.##.# $......
#..#.##.# .(.....
###.......#### .......
............#
......5#### #...........
......h@..###...........
.......55†!.....).......
........#†###...........
.....##.#.##....÷..)....
[.#.# #.<.>#............
. #. ##.#....##........
. #.#....#......... .
#.......>........
##.............##


You could see Natasha, a white imp and 2 shadow imps.

Vanquished Creatures
  A hound (D:2)
  Natasha (D:2)
  A worm (D:2)
  A dart slug (D:2)
  2 ball pythons
  5 bats (D:1)
  A giant cockroach (D:1)
  3 goblins (D:1)
  5 hobgoblins
  4 jackals (D:2)
  3 kobolds (D:1)
  4 rats
31 creatures vanquished.

Notes
Turn   | Place    | Note
-------+----------+-------------------------------------------
     0 | D:1      | Nelagord the Gargoyle Fighter began the quest for the Orb.
     0 | D:1      | Reached XP level 1. HP: 14/14 MP: 1/1
   223 | D:1      | Reached XP level 2. HP: 12/19 MP: 2/2
  1250 | D:2      | Noticed Natasha
  1258 | D:2      | Noticed a crimson imp
  1267 | D:2      | Noticed a crimson imp
  1268 | D:2      | Killed Natasha
  1268 | D:2      | Reached XP level 3. HP: 7/24 MP: 3/3
  1438 | D:2      | Reached XP level 4. HP: 22/29 MP: 4/4
  1444 | D:2      | Gained mutation: You are partially covered in rugged brown scales. (AC +1, +3% HP) [potion of mutation]
  1444 | D:2      | Gained mutation: Your flesh is cold resistant. (rC+) [potion of mutation]
  1444 | D:2      | Gained mutation: Your body sometimes deteriorates upon taking damage. [potion of mutation]
  1590 | D:2      | Noticed Natasha
  1605 | D:2      | Slain by a white imp

Skill      XL: |  1  2  3 |
---------------+----------+-----
Armour         | 4 |  4.4
Fighting       | 4 |  4.3
Maces & Flails | |  2.0
Shields        | |  3.9

Action                   |  1- 3 |  4- 6 || total
-------------------------+-------+-------++-------
Melee: Mace              |   131 |       ||   131
       Flail             |    14 |       ||    14
       Whip              |       |    56 ||    56
  Use: Scroll            |     2 |     1 ||     3
       Potion            |     1 |     5 ||     6
  Eat: Bread ration      |     1 |       ||     1
Armor: Scale mail        |   100 |    39 ||   139
Dodge: Dodged            |    63 |    28 ||    91
Block: Shield            |   107 |    36 ||   143
